[Event "Titled Tuesday Blitz April 4 Late 2023"]
[White "Smith, Garrett L"]
[Black "Zeynalli, Rashad"]
[WhiteFideId "2024829"]
[BlackFideId "13403320"]
[WhiteElo "2328"]
[BlackElo "2125"]
[Result "0-1"]
[Round "07"]
[TimeControl "180+2"]
[Date "2023.04.04"]
[WhiteClock "0:00:36"]
[BlackClock "0:00:24"]

1. e4 c5 2. a3 g6 3. b4 Bg7 4. Nc3 d6 5. Nf3 Nc6 6. Rb1 Nf6 7. Be2 O-O 8. O-O b6 9. d3 Bb7 10. Re1 Qd7 11. Nd5 e6 12. Nxf6+ Bxf6 13. Bh6 Rfc8 14. c4 cxb4 15. axb4 d5 16. b5 Na5 17. e5 Bg7 18. Bxg7 Kxg7 19. cxd5 Qxd5 20. Qd2 h6 21. Qf4 Qd8 22. h4 Bd5 23. g4 Nb3 24. g5 h5 25. Bd1 Nc5 26. Re3 a6 27. Nd2 axb5 28. Rxb5 Ra1 29. Re1 Nxd3 30. Qf6+ Qxf6 31. exf6+ Kf8 32. Rf1 Nf4 33. Rxb6 Nh3+ 34. Kh2 Nxf2 35. Rxf2 Rxd1 36. Nf3 Ke8 37. Ne5 Rh1+ 38. Kg3 Rc3+ 39. Kf4 Rxh4+ 40. Ng4 Rxg4+ 41. Ke5 Rgc4 0-1


[Site "https://www.chess.com"]

[Event "Titled Tuesday Blitz April 4 Late 2023"]
[White "Roebers, Eline"]
[Black "Wang, Alexander J"]
[WhiteFideId "1058401"]
[BlackFideId "30955270"]
[WhiteElo "2518"]
[BlackElo "2315"]
[Result "1-0"]
[Round "07"]
[TimeControl "180+2"]
[Date "2023.04.04"]
[WhiteClock "0:01:24"]
[BlackClock "0:00:30"]

1. e4 c5 2. Nf3 e6 3. d4 cxd4 4. Nxd4 Nc6 5. Nc3 Nf6 6. Ndb5 a6 7. Nd6+ Bxd6 8. Qxd6 Qe7 9. Bf4 Qxd6 10. Bxd6 b5 11. Bd3 Bb7 12. a4 b4 13. Ne2 a5 14. O-O-O Na7 15. f3 Bc6 16. b3 Ng8 17. Nd4 Ne7 18. Rhe1 Nec8 19. Bg3 Nb6 20. Nxc6 Nxc6 21. Bb5 O-O 22. Bc7 Nc8 23. Rxd7 N6a7 24. Bc4 Nc6 25. Red1 N8a7 26. f4 h6 27. f5 exf5 28. exf5 Rac8 29. Bd6 Rfd8 30. Rxf7 Kh7 31. f6 1-0


[Site "https://www.chess.com"]

[Event "Titled Tuesday Blitz April 4 Late 2023"]
[White "Antonova, Nadezhda"]
[Black "Bellahcene, Bilel"]
[WhiteFideId "14700182"]
[BlackFideId "696358"]
[WhiteElo "1765"]
[BlackElo "2566"]
[Result "0-1"]
[Round "07"]
[TimeControl "180+2"]
[Date "2023.04.04"]
[WhiteClock "0:00:45"]
[BlackClock "0:01:47"]

1. Nf3 Nf6 2. b3 b6 3. g3 Bb7 4. Bg2 e6 5. Bb2 c5 6. c4 Be7 7. O-O O-O 8. e3 d5 9. cxd5 Nxd5 10. d4 cxd4 11. Nxd4 Nc6 12. Nxc6 Bxc6 13. Nc3 Nxc3 14. Bxc3 Bxg2 15. Kxg2 Qc8 16. Rc1 Ba3 17. Rc2 Qb7+ 18. Qf3 Qxf3+ 19. Kxf3 Rac8 20. Rb1 a5 21. Ke2 Rc6 22. Kd3 Rfc8 23. Rd1 f6 24. Rdd2 e5 25. Ba1 e4+ 0-1


[Site "https://www.chess.com"]

[Event "Titled Tuesday Blitz April 4 Late 2023"]
[White "Vovk, Orest"]
[Black "Manzone, Alessandro"]
[WhiteFideId "14113490"]
[BlackFideId "112488"]
[WhiteElo "2215"]
[BlackElo "2255"]
[Result "1/2-1/2"]
[Round "07"]
[TimeControl "180+2"]
[Date "2023.04.04"]
[WhiteClock "0:00:07"]
[BlackClock "0:00:04"]

1. h4 Nf6 2. h5 h6 3. Nc3 e5 4. d4 exd4 5. Qxd4 Nc6 6. Qa4 Bc5 7. g4 d5 8. g5 Ng4 9. Nh3 hxg5 10. Bxg5 Bxf2+ 11. Nxf2 Qxg5 12. Nxg4 Qxg4 13. Qxg4 Bxg4 14. Nxd5 O-O-O 15. O-O-O Rxh5 16. Rxh5 Bxh5 17. Bh3+ Kb8 18. Nf4 Rxd1+ 19. Kxd1 g6 20. Nxh5 gxh5 21. Kd2 Ne5 22. b3 c5 23. Ke3 Kc7 24. Kf4 Ng6+ 25. Kg5 h4 26. Bf5 Kd6 27. Kf6 Nf4 28. e3 Nd5+ 29. Kxf7 Nxe3 30. Be4 b5 31. Kf6 b4 32. Kg5 Ke5 33. Bc6 h3 34. Kh4 h2 35. Kh3 Kd4 36. Kxh2 Kc3 37. Kg3 Kb2 38. Kf4 Nxc2 39. Ke5 Kxa2 40. Kd5 Kxb3 41. Kxc5 Kc3 42. Ba4 Nd4 43. Bd1 a5 44. Kb6 Nb3 45. Kb5 Kb2 46. Ka4 Nc5+ 47. Kxa5 b3 48. Bxb3 1/2-1/2


[Site "https://www.chess.com"]

[Event "Titled Tuesday Blitz April 4 Late 2023"]
[White "lolliNOPE"]
[Black "Andreassen, Lars"]
[BlackFideId "1504878"]
[WhiteElo "2158"]
[BlackElo "2119"]
[Result "1-0"]
[Round "07"]
[TimeControl "180+2"]
[Date "2023.04.04"]
[WhiteClock "0:01:00"]
[BlackClock "0:00:12"]

1. e4 d6 2. d4 Nf6 3. Nc3 e5 4. Nf3 Nbd7 5. Bg5 Be7 6. Bc4 O-O 7. O-O a6 8. a4 b6 9. dxe5 dxe5 10. Qe2 h6 11. Bxf6 Bxf6 12. Bd5 Ra7 13. Rad1 Qe7 14. Bc6 Nc5 15. b4 Ne6 16. Nd5 Qd8 17. Nxb6 cxb6 18. Rxd8 Rxd8 19. Bd5 Nf4 20. Qc4 b5 21. axb5 axb5 22. Qb3 Bg4 23. Re1 Rad7 24. c4 bxc4 25. Qxc4 Nxd5 26. exd5 Rxd5 27. h3 Bxf3 28. gxf3 Rd2 29. Re2 R2d4 30. Qb3 Rb8 31. b5 Rd6 32. Re1 Rdb6 33. Rb1 Rxb5 34. Qxb5 Rxb5 35. Rxb5 h5 36. Kf1 Kh7 37. Ke2 Kg6 38. Ke3 Kf5 39. Rb7 Ke6 40. Ke4 Bg5 41. Rb6+ Ke7 42. Kxe5 g6 43. f4 Bh4 44. f3 Bg3 45. Ke4 Bh2 46. f5 g5 47. f6+ Kd7 48. Kf5 Bf4 49. Rb7+ 1-0


[Site "https://www.chess.com"]

[Event "Titled Tuesday Blitz April 4 Late 2023"]
[White "Veiga, Jose Francisco R P Neves"]
[Black "WindWhistler11"]
[WhiteFideId "1930087"]
[WhiteElo "2320"]
[BlackElo "2439"]
[Result "0-1"]
[Round "07"]
[TimeControl "180+2"]
[Date "2023.04.04"]
[WhiteClock "0:00:42"]
[BlackClock "0:00:05"]

1. Nf3 Nf6 2. d4 d6 3. Bg5 Nbd7 4. Nbd2 h6 5. Bh4 g6 6. e4 e5 7. c3 Bg7 8. Bd3 O-O 9. O-O Qe7 10. h3 a6 11. Re1 b5 12. a4 bxa4 13. Qxa4 Bb7 14. Nc4 g5 15. Bg3 exd4 16. cxd4 Bxe4 17. Bxe4 Nxe4 18. Rxe4 Qxe4 19. Qxd7 Qc2 20. Qa4 Qxa4 21. Rxa4 Rfb8 22. Kf1 d5 23. Ne3 Rxb2 24. Nxd5 Rb1+ 25. Ke2 Rab8 26. Rxa6 R8b3 27. Ra2 c6 28. Ne7+ Kh7 29. Nxc6 f5 30. Be5 g4 31. hxg4 fxg4 32. Nd2 R3b2 33. Rxb2 Rxb2 34. Bxg7 Kxg7 35. Kd3 h5 36. d5 h4 37. d6 Rb7 38. Ne4 h3 39. gxh3 gxh3 40. Ne5 h2 41. Ng3 Rb3+ 42. Kc4 Rxg3 43. d7 h1=Q 44. d8=Q Qc1+ 45. Kb4 Qc3+ 46. Ka4 Qa3+ 47. Kb5 Rb3+ 48. Kc6 Qa4+ 49. Kd5 Rb5+ 50. Ke6 Qa6+ 51. Kf5 Qg6+ 52. Kf4 Rb4+ 53. Kf3 Qe4+ 54. Kg3 Qxe5+ 55. f4 Qxf4+ 56. Kg2 Rb2+ 57. Kg1 Qf2+ 58. Kh1 Qh2# 0-1


[Site "https://www.chess.com"]

[Event "Titled Tuesday Blitz April 4 Late 2023"]
[White "Kovalevsky, Stanislav"]
[Black "Averjanov, Alexey"]
[WhiteFideId "13508598"]
[BlackFideId "14109867"]
[WhiteElo "2174"]
[BlackElo "2630"]
[Result "1/2-1/2"]
[Round "07"]
[TimeControl "180+2"]
[Date "2023.04.04"]
[WhiteClock "0:00:07"]
[BlackClock "0:00:20"]

1. c4 c5 2. Nc3 Nc6 3. g3 g6 4. Bg2 Bg7 5. a3 e6 6. Rb1 a5 7. e3 Nge7 8. h4 h5 9. Nge2 O-O 10. O-O d5 11. d3 b6 12. Nf4 d4 13. Ne4 Bb7 14. exd4 cxd4 15. c5 e5 16. Nd6 Qd7 17. Nh3 bxc5 18. Nxb7 Qxb7 19. Qc2 Qb5 20. Bg5 f6 21. Bd2 Rac8 22. Rfc1 Nb8 23. f4 Nd7 24. fxe5 Nxe5 25. Nf4 Kh7 26. a4 Qb6 27. Qd1 Bh6 28. Be4 Ng4 29. Nxh5 f5 30. Nf4 fxe4 31. Qxg4 e3 32. Be1 Bxf4 33. gxf4 Rf5 34. Rc2 Rcf8 35. Bg3 Qb3 36. Rh2 Qxd3 37. Rd1 Qe4 38. h5 Rxh5 39. Rxh5+ gxh5 40. Qxh5+ Kg7 41. Qg5+ Ng6 42. Rf1 e2 43. Re1 d3 44. Qxc5 Nxf4 45. Qg5+ Ng6 46. Bf2 Rxf2 47. Kxf2 Qf4+ 48. Qxf4 Nxf4 49. Ke3 Ng2+ 50. Kxd3 Nxe1+ 51. Kxe2 Nc2 52. Kd3 Na1 53. Kc4 Kf6 54. Kb5 Nb3 55. Kc4 Nd2+ 56. Kb5 Nb3 57. Kc4 Nd2+ 58. Kb5 Nb3 1/2-1/2


[Site "https://www.chess.com"]

[Event "Titled Tuesday Blitz April 4 Late 2023"]
[White "Popov, Mikhail"]
[Black "Melikhov, Evgeny V."]
[WhiteFideId "4146182"]
[BlackFideId "4122046"]
[WhiteElo "2244"]
[BlackElo "2158"]
[Result "0-1"]
[Round "07"]
[TimeControl "180+2"]
[Date "2023.04.04"]
[WhiteClock "0:00:01"]
[BlackClock "0:00:11"]

1. d4 Nf6 2. Nf3 d5 3. c4 e6 4. Nc3 Bb4 5. Qb3 Nc6 6. Bg5 h6 7. Bxf6 Qxf6 8. e3 O-O 9. Be2 dxc4 10. Qxc4 a6 11. O-O Bd6 12. Rac1 e5 13. Ne4 Qe7 14. Nxd6 cxd6 15. d5 Nb8 16. Qxc8 Rxc8 17. Rxc8+ Kh7 18. Rfc1 e4 19. Nd4 Qe5 20. Rf8 Qxd5 21. Rcc8 Kg6 22. Bc4 Qa5 23. Bxf7+ Kg5 24. g3 Nd7 25. Rxa8 Nxf8 26. Rxf8 d5 27. Be8 g6 28. h4+ Kh5 29. Rf5+ Kg4 30. Bxg6 Kh3 31. Nc2 Qd2 32. g4 Qd1+ 0-1


[Site "https://www.chess.com"]

[Event "Titled Tuesday Blitz April 4 Late 2023"]
[White "Gubajdullin, Alexei"]
[Black "marik_spb"]
[WhiteFideId "4141202"]
[WhiteElo "2279"]
[BlackElo "2412"]
[Result "0-1"]
[Round "07"]
[TimeControl "180+2"]
[Date "2023.04.04"]
[WhiteClock "0:00:35"]
[BlackClock "0:00:11"]

1. d4 Nf6 2. Nf3 e6 3. Bf4 b6 4. e3 Bb7 5. Be2 d5 6. O-O Bd6 7. Ne5 Nbd7 8. Nd2 O-O 9. c3 Ne4 10. Nxe4 dxe4 11. Nxd7 Qxd7 12. Bxd6 cxd6 13. a4 f5 14. a5 f4 15. exf4 Rxf4 16. axb6 axb6 17. Rxa8+ Bxa8 18. Qa1 Bc6 19. Qa6 b5 20. Qb6 h6 21. Ra1 Qe8 22. Ra6 Bd5 23. Qxd6 Qf7 24. Ra1 Rxf2 25. Rf1 e3 26. Bf3 Rxf1+ 27. Kxf1 Bxf3 28. Qg3 Bd5+ 29. Ke1 Bc4 30. Qxe3 Qf1+ 31. Kd2 Qxg2+ 32. Kc1 Qxh2 33. Qf3 Qg1+ 34. Kd2 Qg5+ 35. Kd1 Bb3+ 36. Ke1 Qc1+ 37. Kf2 Qxb2+ 38. Kg3 Bd5 39. Qf1 Qxc3+ 40. Kh2 Qd2+ 41. Kg3 Qg5+ 42. Kh2 Qh4+ 43. Qh3 Qxh3+ 44. Kxh3 Kf7 45. Kg3 b4 46. Kf4 b3 47. Ke3 b2 48. Kd2 b1=Q 49. Kc3 Qb6 50. Kd3 Qb3+ 51. Ke2 Qc3 52. Kf2 Qxd4+ 0-1


[Site "https://www.chess.com"]

[Event "Titled Tuesday Blitz April 4 Late 2023"]
[White "Fonseca Manrique, Enrique"]
[Black "Figorito, Nick"]
[WhiteFideId "5114330"]
[BlackFideId "30923689"]
[WhiteElo "2516"]
[BlackElo "2387"]
[Result "1/2-1/2"]
[Round "07"]
[TimeControl "180+2"]
[Date "2023.04.04"]
[WhiteClock "0:00:18"]
[BlackClock "0:00:11"]

1. e4 e6 2. d4 d5 3. Nc3 Bb4 4. Ne2 Nf6 5. a3 Be7 6. e5 Nfd7 7. f4 c5 8. Be3 Nc6 9. g3 cxd4 10. Nxd4 Qb6 11. Qd2 Qa5 12. Nb3 Qd8 13. O-O-O Na5 14. Nd4 Nb6 15. Ndb5 Nbc4 16. Qf2 a6 17. Nd4 Nxe3 18. Qxe3 Bd7 19. h4 Rc8 20. f5 Nc4 21. Bxc4 Rxc4 22. fxe6 fxe6 23. Nce2 O-O 24. Nf4 Qb6 25. Rhe1 Rfc8 26. Kb1 Rc3 27. Qc1 Bxa3 28. Rd3 Rxd3 29. Nxd3 Bc5 30. Nb3 Bf8 31. h5 h6 32. g4 Be7 33. Rf1 Bg5 34. Qe1 a5 35. Qxa5 Qc6 36. Nd4 Qc4 37. Qb4 Qxb4 38. Nxb4 Rc4 39. c3 Rc8 40. Nd3 Rf8 41. Rxf8+ Kxf8 42. Nc5 Bc8 43. Ncxe6+ Bxe6 44. Nxe6+ Ke7 45. Nd4 Bf4 46. Nf3 Ke6 47. Kc2 Bxe5 48. Kd3 Bf4 49. Kd4 Bc1 50. b3 Bb2 51. Kd3 Kf6 52. Kc2 Ba1 53. Nd4 Kg5 54. Ne2 Kxg4 55. Kb1 Bxc3 56. Nxc3 d4 57. Nd5 Kxh5 58. Kc2 Kg4 59. Kd3 h5 60. Kxd4 h4 61. Ke3 Kg3 62. Nf4 h3 63. Ne2+ Kg2 64. Nf4+ Kg3 65. Ne2+ Kg2 66. Nf4+ Kg3 1/2-1/2


[Site "https://www.chess.com"]

[Event "Titled Tuesday Blitz April 4 Late 2023"]
[White "Korkmaz, Necmettin"]
[Black "Schuster, Karsten"]
[WhiteFideId "6303285"]
[BlackFideId "4611071"]
[WhiteElo "2097"]
[BlackElo "2294"]
[Result "1-0"]
[Round "07"]
[TimeControl "180+2"]
[Date "2023.04.04"]
[WhiteClock "0:00:11"]
[BlackClock "0:00:07"]

1. e4 d5 2. exd5 Qxd5 3. Nc3 Qd6 4. d4 c6 5. Nf3 Bg4 6. g3 Nf6 7. Bg2 e6 8. Bf4 Qb4 9. Qd2 Be7 10. a3 Qa5 11. Ne5 Bf5 12. O-O Nbd7 13. Nc4 Qd8 14. Nd6+ Bxd6 15. Bxd6 Nb6 16. Bc5 Nbd5 17. Nxd5 cxd5 18. a4 Ne4 19. Bxe4 Bxe4 20. a5 h5 21. Rfe1 h4 22. Qf4 hxg3 23. fxg3 Rh6 24. Rf1 Rf6 25. Qe5 Bxc2 26. Qh5 Kd7 27. Rxf6 Qxf6 28. Rf1 Bf5 29. Qf3 Qh6 30. g4 Bg6 31. Qg3 Ke8 32. Re1 Qd2 33. Rf1 Be4 34. h4 b6 35. axb6 axb6 36. Bxb6 Rc8 37. Bc5 Qe2 38. Qf2 Qxg4+ 39. Kh2 f5 40. Rg1 Qf3 41. Qxf3 Bxf3 42. Rxg7 Be4 43. Kg3 Rd8 44. Kf4 Rd7 45. Rg8+ Kf7 46. Rg5 Kf6 47. h5 Rh7 48. Rg6+ Kf7 49. Kg5 f4 50. Rf6+ Kg7 51. Rxf4 Bf5 52. Bd6 Kf7 53. Be5 Ke7 54. h6 Rf7 55. Bg7 Kd6 56. Rxf5 Rxf5+ 57. Kg6 Rf4 58. h7 Rh4 59. Bh6 Rg4+ 60. Bg5 Rxd4 61. h8=Q Re4 62. Qb8+ Kc6 63. Bd8 Kc5 64. Qb6+ Kc4 65. b3+ Kd3 66. Bf6 Kc2 67. Qf2+ Kxb3 68. Qb2+ Kc4 69. Be5 Kc5 70. Kf6 Kc6 71. Kxe6 Kc5 72. Qc3+ Kb6 73. Kxd5 Ra4 74. Qc6+ Ka7 75. Qxa4+ Kb7 76. Qb5+ Kc8 77. Qc6+ Kd8 78. Bf6# 1-0


[Site "https://www.chess.com"]

[Event "Titled Tuesday Blitz April 4 Late 2023"]
[White "LuckyMajky"]
[Black "mjelcic"]
[WhiteElo "2458"]
[BlackElo "2234"]
[Result "1-0"]
[Round "07"]
[TimeControl "180+2"]
[Date "2023.04.04"]
[WhiteClock "0:01:06"]
[BlackClock "0:00:30"]

1. Nf3 Nf6 2. c4 g6 3. g3 Bg7 4. Bg2 O-O 5. O-O d6 6. Nc3 e5 7. d3 Nc6 8. Rb1 a5 9. a3 Nd4 10. Bg5 c6 11. Nxd4 exd4 12. Ne4 Bf5 13. b4 axb4 14. axb4 Bxe4 15. Bxe4 Qd7 16. Bf3 Ra2 17. Ra1 Rfa8 18. Rxa2 Rxa2 19. Qb3 Ra8 20. Qb2 Ng4 21. Ra1 Rxa1+ 22. Qxa1 h6 23. Qa8+ Kh7 24. Bf4 Ne5 25. Be4 d5 26. Bxe5 Bxe5 27. cxd5 cxd5 28. Bf3 Bd6 29. Qa7 Bxb4 30. Qxd4 Be1 31. Qxd5 Qxd5 32. Bxd5 b5 33. Bxf7 b4 34. Bb3 Bc3 35. e3 Kg7 36. Kf1 Kf6 37. Ke2 Ke5 38. d4+ Ke4 39. Bc2+ Kd5 40. Bxg6 Kc4 41. Bf7+ Kb5 42. Bb3 Kc6 43. Kd3 Be1 44. f3 Bf2 45. g4 Bg1 46. h4 Bf2 47. g5 Bxh4 48. gxh6 Bf6 49. e4 Bg7 50. hxg7 1-0


[Site "https://www.chess.com"]

[Event "Titled Tuesday Blitz April 4 Late 2023"]
[White "Urbina Perez, Juan Antonio"]
[Black "Rosenberg, Evan S"]
[WhiteFideId "2217368"]
[BlackFideId "2019299"]
[WhiteElo "2197"]
[BlackElo "2220"]
[Result "0-1"]
[Round "07"]
[TimeControl "180+2"]
[Date "2023.04.04"]
[WhiteClock "0:01:20"]
[BlackClock "0:01:01"]

1. c4 e6 2. d4 d5 3. Nf3 c5 4. cxd5 exd5 5. g3 Nf6 6. Bg2 Nc6 7. O-O Be7 8. dxc5 Bxc5 9. b3 Ne4 10. Bb2 O-O 11. Nc3 Be6 12. Nxe4 dxe4 13. Ne5 Nxe5 14. Bxe5 Re8 15. Bb2 Bg4 16. Qe1 e3 17. f3 Bf5 18. Qc3 Bf8 19. Rfd1 Qc8 20. Qd4 Qc2 21. Rac1 Qxe2 22. Re1 Qf2+ 23. Kh1 Rad8 24. Qxa7 Qxb2 0-1


[Site "https://www.chess.com"]

[Event "Titled Tuesday Blitz April 4 Late 2023"]
[White "micke12a"]
[Black "Mirimanian, Hayk"]
[BlackFideId "4700180"]
[WhiteElo "2341"]
[BlackElo "2280"]
[Result "1-0"]
[Round "07"]
[TimeControl "180+2"]
[Date "2023.04.04"]
[WhiteClock "0:01:03"]
[BlackClock "0:00:06"]

1. Nf3 g6 2. e3 Bg7 3. d3 d6 4. Be2 e5 5. O-O Nc6 6. e4 Nge7 7. b3 Be6 8. Bb2 h6 9. Nbd2 Qd7 10. a3 O-O 11. Nc4 f5 12. Ne3 f4 13. Nc4 g5 14. Ne1 g4 15. c3 h5 16. d4 exd4 17. cxd4 d5 18. exd5 Nxd5 19. Nd3 Nxd4 20. Nc5 Nxe2+ 21. Qxe2 Qf7 22. Bxg7 Rfe8 23. Bb2 f3 24. Qd2 fxg2 25. Qg5+ Kf8 26. Rfe1 Nf4 27. Qh6+ Ke7 28. Qg5+ Kf8 29. Bg7+ Kg8 30. Bf6+ Ng6 31. Nxe6 Rxe6 32. Rxe6 Kf8 33. Rae1 h4 34. Bc3 Kg8 35. Rxg6+ 1-0


[Site "https://www.chess.com"]

[Event "Titled Tuesday Blitz April 4 Late 2023"]
[White "Ozalp, Burak"]
[Black "Senthilkumar, Pranav"]
[WhiteFideId "6314210"]
[BlackFideId "2083477"]
[WhiteElo "2106"]
[BlackElo "1860"]
[Result "0-1"]
[Round "07"]
[TimeControl "180+2"]
[Date "2023.04.04"]
[WhiteClock "0:00:05"]
[BlackClock "0:00:04"]

1. d4 Nf6 2. c4 e6 3. Nf3 d5 4. g3 Be7 5. c5 O-O 6. Bg2 b6 7. cxb6 axb6 8. O-O c5 9. Nc3 Nc6 10. Bf4 Ba6 11. Re1 Na5 12. e4 Nc4 13. exd5 Nxb2 14. Qc2 Nd3 15. dxe6 Nxe1 16. exf7+ Rxf7 17. Rxe1 cxd4 18. Ne4 d3 19. Qb3 Nxe4 20. Ne5 Nd6 21. Bxa8 Qxa8 22. Nxf7 Bc4 23. Qb4 d2 24. Qxd2 Bxf7 25. Bxd6 Bf6 26. Be5 Bd8 27. a4 h6 28. Rd1 Be7 29. Qd7 Qf3 30. Qc8+ Kh7 31. Re1 Bc5 32. Bxg7 Qxf2+ 33. Kh1 Bd5+ 34. Re4 Bxe4# 0-1


[Site "https://www.chess.com"]

[Event "Titled Tuesday Blitz April 4 Late 2023"]
[White "Pires, Marcos Vinicius Torsani"]
[Black "Stachanczyk, Jacek"]
[WhiteFideId "2118939"]
[BlackFideId "1116657"]
[WhiteElo "2273"]
[BlackElo "2084"]
[Result "1-0"]
[Round "07"]
[TimeControl "180+2"]
[Date "2023.04.04"]
[WhiteClock "0:00:17"]
[BlackClock "0:00:01"]

1. d4 Nf6 2. Bf4 d5 3. e3 c5 4. c3 Nc6 5. Nd2 cxd4 6. exd4 Bg4 7. Qb3 Qc8 8. h3 Bh5 9. g4 Bg6 10. g5 Ne4 11. Qxd5 Nxd2 12. Bxd2 e6 13. Qf3 Bd6 14. h4 O-O 15. h5 Bf5 16. Bd3 Bxd3 17. Qxd3 e5 18. d5 e4 19. Qe2 Ne5 20. Qxe4 Re8 21. O-O-O Ng4 22. Qf3 Ne5 23. Qe2 Nc4 24. Qd3 Ne5 25. Qc2 Qc4 26. Kb1 Qxd5 27. Nh3 Qc6 28. Nf4 Nc4 29. Bc1 Rad8 30. Rhe1 Rxe1 31. Rxe1 Bxf4 32. Bxf4 Qf3 33. Qe2 Qc6 34. Bc1 b5 35. Qe4 Qc8 36. g6 hxg6 37. hxg6 fxg6 38. Qxg6 Rf8 39. Qe6+ Qxe6 40. Rxe6 Rxf2 41. Re7 Rf7 42. Re8+ Rf8 43. Re6 Rf7 44. b3 Nb6 45. Re5 a6 46. Re6 Nd5 47. Rxa6 Nxc3+ 48. Kc2 Ne2 49. Bb2 Nf4 50. Rb6 Rf5 51. Rb7 Rg5 52. Bc1 1-0


[Site "https://www.chess.com"]

[Event "Titled Tuesday Blitz April 4 Late 2023"]
[White "Shapiro, Viktor"]
[Black "Garrido, Denis"]
[WhiteFideId "4175700"]
[BlackFideId "601217"]
[WhiteElo "2152"]
[BlackElo "2343"]
[Result "1-0"]
[Round "07"]
[TimeControl "180+2"]
[Date "2023.04.04"]
[WhiteClock "0:00:21"]
[BlackClock "0:00:08"]

1. Nf3 Nf6 2. c4 g6 3. d4 Bg7 4. Nc3 O-O 5. Bg5 d6 6. e3 Nbd7 7. h3 h6 8. Bh4 c5 9. Be2 g5 10. Bg3 a6 11. O-O Re8 12. a3 b6 13. b4 cxb4 14. axb4 Bb7 15. Qb3 Ne4 16. Nxe4 Bxe4 17. Rfd1 Qc8 18. Ra2 Ra7 19. Rda1 Nf6 20. c5 bxc5 21. Bxa6 Qf5 22. bxc5 dxc5 23. Bb5 Rxa2 24. Qxa2 Rc8 25. Be2 Nd5 26. Rc1 cxd4 27. Rxc8+ Qxc8 28. Nxd4 Nc3 29. Qd2 Bxd4 30. exd4 Qc6 31. Bf1 Bd5 32. f3 Kg7 33. h4 f6 34. Qe3 e6 35. hxg5 hxg5 36. Be1 Nb5 37. Qd3 Nd6 38. Bb4 Nf5 39. Bc5 Nh6 40. Qa3 Nf7 41. Bd3 g4 42. Be2 Ng5 43. Kf2 gxf3 44. gxf3 Qc7 45. Bd6 Qd7 46. Qc5 f5 47. Be5+ Kg6 48. Qf8 Qf7 49. Qh8 Qh7 50. Qf6+ Kh5 51. f4+ Kh4 52. Qxg5+ Kh3 53. Qg3# 1-0


[Site "https://www.chess.com"]

[Event "Titled Tuesday Blitz April 4 Late 2023"]
[White "Kirillov, Dmitry"]
[Black "Vaglio Munoz, Jaime"]
[WhiteFideId "34180572"]
[BlackFideId "6500145"]
[WhiteElo "2111"]
[BlackElo "2199"]
[Result "1-0"]
[Round "07"]
[TimeControl "180+2"]
[Date "2023.04.04"]
[WhiteClock "0:00:19"]
[BlackClock "0:00:16"]

1. d4 c6 2. e4 d5 3. Nc3 g6 4. Nf3 Bg4 5. Be2 Bg7 6. e5 e6 7. Be3 h5 8. h3 Bxf3 9. Bxf3 Nh6 10. g4 Qh4 11. Qd2 Qe7 12. gxh5 Nf5 13. hxg6 fxg6 14. Bg4 Nd7 15. Rg1 Nxe3 16. Qxe3 O-O-O 17. Qd3 Nf8 18. O-O-O Bh6+ 19. Kb1 Bf4 20. Ne2 Bg5 21. c4 Kb8 22. c5 Bh4 23. f4 Ka8 24. Qb3 Rb8 25. Qa4 b6 26. Qxc6+ Qb7 27. Qxb7+ Kxb7 28. Rc1 b5 29. Bxe6 Nxe6 30. Rxg6 Nc7 31. f5 Bf2 32. Rh1 Rh4 33. Rg4 Rh5 34. Rf4 Bh4 35. Rg1 Rf8 36. f6 Ne6 37. Rfg4 Rf5 38. Rxh4 Rf2 39. Nc3 b4 40. Nxd5 Nxd4 41. Rh7+ Kc6 42. Nxb4+ Kb5 43. Rb7+ Kxc5 44. Nd3+ Kc6 45. Nxf2 Kxb7 46. Ne4 Ne6 47. Nd6+ Kc6 48. Rc1+ Kd5 49. Re1 Rh8 50. Re3 Rf8 51. b3 Kd4 52. Re1 Kd5 53. Kc2 Rb8 54. Nc4 Rc8 55. Rd1+ Ke4 56. Kb2 Kf5 57. Nd6+ Kxe5 58. Nxc8 Kxf6 59. Rd6 Ke5 60. Rxe6+ Kxe6 61. Nxa7 Kd5 62. Nb5 Kc6 63. Nc3 Kc5 64. h4 Kd4 65. h5 Ke5 66. h6 Kf6 67. h7 Kg7 68. a4 Kxh7 69. a5 Kg7 70. a6 Kf7 71. a7 Ke6 72. a8=Q Ke5 73. Qd5+ Kf4 74. Kc2 Ke3 75. Qe4+ Kf2 76. Kd2 Kg3 77. Ke2 Kh3 78. Kf2 Kh2 79. Qh4# 1-0


[Site "https://www.chess.com"]

[Event "Titled Tuesday Blitz April 4 Late 2023"]
[White "Novikova, Galina"]
[Black "Mazurkiewicz, Michal"]
[WhiteFideId "4157095"]
[BlackFideId "1124943"]
[WhiteElo "1953"]
[BlackElo "2054"]
[Result "1-0"]
[Round "07"]
[TimeControl "180+2"]
[Date "2023.04.04"]
[WhiteClock "0:00:45"]
[BlackClock "0:00:05"]

1. e4 d6 2. d4 Nf6 3. Nc3 c6 4. f3 e5 5. Be3 Be7 6. Qd2 O-O 7. O-O-O b5 8. g4 b4 9. Nce2 a5 10. h4 Nfd7 11. g5 Nb6 12. Ng3 Re8 13. Nf5 Bf8 14. dxe5 Bxf5 15. exf5 Nd5 16. f4 dxe5 17. fxe5 Rxe5 18. Bd4 Rxf5 19. Bd3 Rf4 20. Be3 Bd6 21. Kb1 Nxe3 22. Qxe3 Qe7 23. Qh3 Nd7 24. Ne2 Rf2 25. Nd4 Ne5 26. Be4 g6 27. h5 a4 28. hxg6 fxg6 29. Nxc6 Nxc6 30. Bxc6 Rc8 31. Bd5+ Kh8 32. Qxc8+ Rf8 33. Qe6 Qg7 34. Qxd6 a3 35. Rxh7+ Kxh7 36. Rh1+ Qh6 37. Rxh6+ Kg7 38. Qxf8+ 1-0


[Site "https://www.chess.com"]

[Event "Titled Tuesday Blitz April 4 Late 2023"]
[White "Rian, Kapriaga"]
[Black "Moore, Nicholas"]
[WhiteFideId "7103263"]
[BlackFideId "4303709"]
[WhiteElo "2323"]
[BlackElo "2439"]
[Result "0-1"]
[Round "07"]
[TimeControl "180+2"]
[Date "2023.04.04"]
[WhiteClock "0:00:03"]
[BlackClock "0:00:07"]

1. d4 d5 2. Nf3 Nf6 3. Bf4 c5 4. e3 Nc6 5. Nbd2 Qb6 6. dxc5 Qxb2 7. Rb1 Qc3 8. Bb5 Bd7 9. Bd3 e5 10. Rb3 Qxc5 11. Nxe5 Nxe5 12. Bxe5 Be7 13. O-O O-O 14. Rxb7 Bc6 15. Nb3 Qa3 16. Rc7 Rac8 17. Qa1 Rxc7 18. Bxc7 Rc8 19. Be5 Ba4 20. h3 Re8 21. Qd4 Bd8 22. Bh2 Bb6 23. Qh4 Ne4 24. f3 Bxe3+ 25. Kh1 Nf6 26. Re1 Bxb3 27. axb3 d4 28. Bf4 Qf8 29. Bxe3 dxe3 30. Qd4 Qe7 31. Kg1 g6 32. Kf1 Nh5 33. Kg1 a5 34. Bb5 Rb8 35. Rxe3 Qf6 36. Qxf6 Nxf6 37. Bc4 Kf8 38. Kf2 Nd7 39. g4 Nb6 40. Bd3 h6 0-1


[Site "https://www.chess.com"]

[Event "Titled Tuesday Blitz April 4 Late 2023"]
[White "Golubev, Mikhail"]
[Black "Kohler, Aran"]
[WhiteFideId "14100983"]
[BlackFideId "1002856"]
[WhiteElo "2374"]
[BlackElo "2294"]
[Result "0-1"]
[Round "07"]
[TimeControl "180+2"]
[Date "2023.04.04"]
[WhiteClock "0:00:28"]
[BlackClock "0:01:36"]

1. e4 c6 2. d4 d5 3. e5 c5 4. dxc5 e6 5. Nf3 Bxc5 6. a3 a5 7. Bd3 Ne7 8. O-O Ng6 9. Re1 Nc6 10. Nc3 O-O 11. Bg5 Qb6 12. Qe2 Be7 13. Bxe7 Ncxe7 14. h4 Nf4 15. Qd2 Nxd3 16. Qxd3 h6 17. Nd4 Bd7 18. Qe2 0-1


[Site "https://www.chess.com"]

[Event "Titled Tuesday Blitz April 4 Late 2023"]
[White "Tsyhanchuk, Stanislav"]
[Black "Pein, Jonathan"]
[WhiteFideId "13505130"]
[BlackFideId "417092"]
[WhiteElo "2173"]
[BlackElo "2151"]
[Result "1-0"]
[Round "07"]
[TimeControl "180+2"]
[Date "2023.04.04"]
[WhiteClock "0:01:19"]
[BlackClock "0:00:05"]

1. c4 Nc6 2. Nc3 Nf6 3. g3 d5 4. cxd5 Nxd5 5. Bg2 Nb6 6. e4 g6 7. Nge2 Bg7 8. O-O O-O 9. f4 Nd4 10. d3 Bg4 11. h3 Nxe2+ 12. Nxe2 Bxe2 13. Qxe2 Qd4+ 14. Be3 Qxb2 15. Qxb2 Bxb2 16. Rab1 Bg7 17. Rfc1 c6 18. e5 f6 19. d4 Rfd8 20. Kf2 Kf7 21. a4 Nxa4 22. Rxb7 Rab8 23. Rxa7 Nb2 24. Rxc6 fxe5 25. Rcc7 Bf8 26. fxe5 Nd3+ 27. Ke2 Rb2+ 28. Kxd3 Rxg2 29. g4 Rg3 30. Ke4 Rxh3 31. Bg5 Re8 32. d5 h6 33. Bxe7 Bxe7 34. d6 Rh4 35. Rxe7+ Rxe7 36. Rxe7+ Kf8 37. Kd5 Rxg4 38. Ke6 Rg1 39. d7 Rd1 40. Re8+ Kg7 41. d8=Q Rxd8 42. Rxd8 h5 43. Kd5 g5 44. Rd7+ Kg6 45. e6 h4 46. Rf7 h3 47. Rf2 g4 48. e7 g3 49. e8=Q+ Kg5 50. Qg8+ 1-0


[Site "https://www.chess.com"]